 Dungeon Crawl Stone Soup version 0.31.0-12-g77e489cdc1 (webtiles) character file.

Game seed: 2162029774393314782

1593 112233 the Changeling (level 8, -4/51 (55) HPs)
             Began as an Octopode Shapeshifter on Feb 18, 2024.
             Slain by a wight
             ... wielding a +2 battleaxe
              (14 damage)
             ... on level 6 of the Dungeon.
             The game lasted 00:03:44 (4809 turns).

112233 the Changeling (Octopode Shapeshifter)       Turns: 4809, Time: 00:03:45

HP:   -4/51 (55)    AC:  1    Str: 13    XL:     8   Next: 93%
MP:   8/8           EV: 15    Int: 13    God:
Gold: 199           SH:  0    Dex: 13    Spells: 7/7 levels left

rFire   + .          .
                       - Unarmed
rCold   . . .        (no shield)
rNeg    . . .        (helmet currently unavailable)
rPois   .            (no amulet)
rElec   .            d - ring of protection from fire
rCorr   .            (no ring)
SInv    .            (no ring)
Will    .....        (no ring)
Stlth   ++           (no ring)
HPRegen 0.28/turn    (no ring)
MPRegen 0.11/turn    (no ring)
                     (no ring)

%: no passive effects
@: beast-form, drained
A: beast (slay +3), almost no armour, amphibious, 8 rings, camouflage 1,
gelatinous body 1, (nimble swimmer 1), tentacles
a: Begin Untransformation


You were on level 6 of the Dungeon.
You were a hulking beast.
You visited 2 branches of the dungeon, and saw 8 of its levels.

You collected 199 gold pieces.

Inventory:

Hand Weapons
 u - a +0 orcbow
Missiles
 p - 4 javelins (quivered)
 q - 3 poisoned darts
Jewellery
 d - a ring of protection from fire (left tentacle)
Talismans
 b - a beast talisman
 c - a flux talisman
Wands
 a - a wand of mindburst (14)
Scrolls
 e - 7 scrolls of identify {unknown}
 h - 2 scrolls of enchant weapon {unknown}
 i - 3 scrolls of blinking {unknown}
 j - a scroll of acquirement {unknown}
 k - a scroll of revelation {unknown}
 s - a scroll of teleportation {unknown}
 t - a scroll of poison {unknown}
Potions
 f - 2 potions of magic {unknown}
 l - a potion of cancellation
 m - 2 potions of berserk rage {unknown}
 n - 3 potions of curing {unknown}
 o - a potion of attraction {unknown}
 r - a potion of degeneration {unknown}


   Skills:
 + Level 5.0 Fighting
 + Level 5.7 Dodging
 + Level 5.8 Unarmed Combat
 + Level 6.5 Shapeshifting


You had 7 spell levels left.
You didn't know any spells.
Your spell library contained the following spells:

 Spells                   Type           Power      Damage    Failure   Level
 Freeze                   Ice            0%         1d3       30%         1
 Blink                    Tloc           0%         N/A       43%         2
 Lesser Beckoning         Tloc           0%         N/A       43%         2
 Momentum Strike          Conj/Tloc      0%         3d8       43%         2
 Frozen Ramparts          Ice            0%         1d1       67%         3
 Hailstorm                Conj/Ice       0%         3d5       67%         3


Dungeon Overview and Level Annotations

Branches:
Dungeon (7/15)             Temple (1/1) D:5

Altars:
Hepliaklqana
Kikubaaqudgha
Makhleb
Nemelex Xobeh
Okawaru
Qazlal
Ru
Sif Muna
Vehumet
Xom
Yredelemnul
Zin
The Shining One

Annotations:
D:3 3 runed translucent doors, McKennaii's ghost, amateur DgCj
D:6 exclusion: downstairs


Innate Abilities, Weirdness & Mutations

You are a hulking beast.
Your limbs bulge with bestial killing power. (Slay +3)
You cannot wear most types of armour.
You are amphibious.
You can wear up to eight rings at the same time.
Your skin changes colour to match your surroundings (Stealth+).
Your rubbery body absorbs attacks. (AC +1, EV +1)
((You are camouflaged when in or above water. (Stealth+)))
You have tentacles for arms and can constrict up to eight enemies at once.


Message History

You constrict the wight, but do no damage.
The wight closely misses you.
There are monsters nearby!
You tentacle-slap the wight. You squeeze the wight!
The wight is heavily damaged.
You constrict the wight, but do no damage.
The wight hits you with a +0 war axe.
Unknown command.
You tentacle-slap the wight but do no damage.
The wight is heavily damaged.
You constrict the wight, but do no damage.
The wight hits you with a +0 war axe!
Unknown command.
You bludgeon the wight!
The wight is almost destroyed.
You constrict the wight.
You destroy the wight!
Your Fighting skill increases to level 5!
Unknown command.
You tentacle-slap the wight. You grab the wight.
The wight is lightly damaged.
You constrict the wight, but do no damage.
The wight hits you with a +2 battleaxe!
You feel drained.
You are too injured to fight recklessly!
Unknown command.
You are too injured to fight recklessly!
Unknown command.
You are too injured to fight recklessly!
Unknown command.
Unknown command.
You tentacle-slap the wight.
The wight is moderately damaged.
You constrict the wight. The wight hits you with a +2 battleaxe!
* * * LOW HITPOINT WARNING * * *
You feel drained.
* * * LOW HITPOINT WARNING * * *
Unknown command.
It was a potion of cancellation.
You feel magically purged.
You constrict the wight. The wight hits you with a +2 battleaxe!
You die...

# #######.# #.hzzz..#
#.#############.#########
........^..#.............
...........#.#...########
....)......#.#...#######
...........#............
...........###.#########
................#
......................


You could see 3 wights.

Vanquished Creatures
  Maggie (D:6)
  A water moccasin (D:5)
  3 ice beasts
  A sky beast (D:4)
  A black bear (D:5)
  An ogre (D:5)
  A wight (D:6)
  2 bombardier beetles (D:5)
  2 jellies
  2 orc priests
  2 orc wizards
  6 iguanas
  Natasha (D:3)
  10 adders
  A white imp (D:6)
  2 ufetubi (D:5)
  4 dart slugs
  A ribbon worm (D:2)
  14 orcs
  8 ball pythons
  5 bats
  10 endoplasms
  6 giant cockroaches
  6 goblins
  4 hobgoblins
  4 quokkas
  7 frilled lizards
  7 kobolds
  4 rats
117 creatures vanquished.

Notes
Turn   | Place    | Note
-------+----------+-------------------------------------------
     0 | D:1      | 112233 the Octopode Shapeshifter began the quest for the
                  | Orb.
     0 | D:1      | Reached XP level 1. HP: 13/13 MP: 1/1
    55 | D:1      | Reached XP level 2. HP: 12/18 MP: 2/2
   292 | D:1      | Reached XP level 3. HP: 23/23 MP: 3/3
   369 | D:1      | Reached skill level 4 in Shapeshifting
   850 | D:2      | Found a faded altar of an unknown god.
  1088 | D:2      | Reached XP level 4. HP: 28/28 MP: 4/4
  1727 | D:3      | Noticed McKennaii's ghost (amateur DgCj)
  1731 | D:3      | Found a runed translucent gate.
  1731 | D:3      | Found a runed translucent gate.
  1733 | D:3      | Found a runed translucent gate.
  1748 | D:3      | Reached XP level 5. HP: 19/33 MP: 5/5
  2019 | D:3      | Noticed Natasha
  2023 | D:3      | Killed Natasha
  2292 | D:4      | Reached XP level 6. HP: 30/39 MP: 6/6
  2663 | D:4      | Noticed a sky beast
  2672 | D:4      | Killed a sky beast
  2673 | D:4      | Reached skill level 5 in Shapeshifting
  2871 | D:5      | Entered Level 5 of the Dungeon
  2893 | D:5      | Noticed an ice beast
  2903 | D:5      | HP: 1/41 [ice beast (12)]
  2905 | D:5      | Killed an ice beast
  2906 | D:5      | Reached XP level 7. HP: 2/45 MP: 7/7
  3073 | D:5      | Found a staircase to the Ecumenical Temple.
  3087 | Temple   | Entered the Ecumenical Temple
  3578 | D:5      | Reached XP level 8. HP: 36/54 MP: 8/8
  3852 | D:5      | Reached skill level 5 in Unarmed Combat
  3986 | D:5      | Reached skill level 5 in Dodging
  3986 | D:5      | Reached skill level 6 in Shapeshifting
  4646 | D:6      | Noticed Maggie
  4656 | D:6      | Killed Maggie
  4807 | D:6      | Reached skill level 5 in Fighting
  4809 | D:6      | Slain by a wight

Illustrated notes

Levels and vault maps discovered:
D:1:      dpeg_arrival_long_road, layout_loops_ring
D:2:      layout_loops_ring, basic_ecumenical_altar
D:3:      layout_basic, gammafunk_ghost_split, uniq_natasha
D:4:      layout_rooms
D:5:      layout_loops_ring, minmay_temple_entry_trees, moated_statue,
          reono_crystal_passage, kennysheep_generic_room_12
D:6:      layout_basic, nicolae_gozag_seed_capital, minmay_misc_feat_hallway,
          kennysheep_opposing_triangles, uniq_maggie
D:7:      layout_loops_cross
Temple:   nicolae_temple_god_jail

Skill      XL: |  1  2  3  4  5  6  7  8 |
---------------+-------------------------+-----
Shapeshifting  | 4 5 6 |  6.5
Dodging        | 3 4 5 |  5.7
Fighting       | 2 3 5 |  5.0
Unarmed Combat | 4 5 |  5.8

Action                     |  1- 3 |  4- 6 |  7- 9 || total
---------------------------+-------+-------+-------++-------
  Melee: Unarmed           |    74 |    97 |   100 ||   271
         Tentacles         |    12 |    18 |    29 ||    59
         Constrict         |    19 |    22 |    20 ||    61
         Punch             |     2 |     7 |     5 ||    14
  Throw: Javelin           |       |     4 |     3 ||     7
    Use: Potion            |       |       |     5 ||     5
   Stab: Sleeping          |     9 |     4 |     3 ||    16
         Distracted        |     1 |     1 |       ||     2
 Armour: Skin              |    20 |    34 |    46 ||   100
  Dodge: Dodged            |    35 |    39 |    48 ||   122
